 Dungeon Crawl Stone Soup version 0.24-a0-264-gf46a388 (webtiles) character file.

Game seed: 11735267165508898447

135 MatthieuS the Magician (level 5, -7/31 HPs)
             Began as a Halfling Wizard on Apr 20, 2019.
             Killed by divine providence
             ... invoked by an orc priest
              (8 damage)
             ... on level 3 of the Dungeon.
             The game lasted 00:11:28 (4308 turns).

MatthieuS the Magician (Halfling Wizard)            Turns: 4308, Time: 00:11:28

Health: -7/31      AC:  6    Str:  8    XL:     5   Next: 41%
Magic:  2/10       EV: 15    Int: 17    God:
Gold:   303        SH:  0    Dex: 13    Spells: 6/11 levels left

rFire    . . .     SeeInvis .   (weapon restricted)
rCold    . . .     Gourm    .   (shield restricted)
rNeg     . . .     Faith    +   o - +0 robe (curse)
rPois    .         Spirit   .   b - +2 hat
rElec    .         Reflect  .   (no cloak)
rCorr    .         Harm     .   (no gloves)
MR       .....     Rnd*Tele +   h - +1 pair of boots
Stlth    ++........             k - amulet of faith {!P}
HPRegen  0.10/turn              l - ring of teleportation (curse)
MPRegen  0.12/turn              (no ring)

@: very slightly contaminated
A: small, mutation resistance 1
a: no special abilities


You were on level 3 of the Dungeon.
You were hungry.

You visited 1 branch of the dungeon, and saw 4 of its levels.

You collected 303 gold pieces.

Inventory:

Armour
 b - a +2 hat (worn)
 h - a +1 pair of boots (worn)
   (You found it on level 1 of the Dungeon)
 o - a cursed +0 robe (worn)
   (You found it on level 2 of the Dungeon)
Jewellery
 k - an amulet of faith (around neck) {!P}
   (You found it on level 1 of the Dungeon)
 l - a cursed ring of teleportation (left hand)
   (You found it on level 2 of the Dungeon)
Scrolls
 f - a scroll of amnesia
 m - a scroll of fear {unknown}
 q - 2 scrolls of identify {@r1}
Potions
 c - a potion of ambrosia {unknown}
 d - a potion of heal wounds {@q2}
 g - a potion of lignification {unknown}
 i - a potion of mutation {unknown}
 j - a potion of haste {unknown}
 n - a potion of curing {@q1}
Comestibles
 e - 4 rations


   Skills:
 - Level 2.1 Dodging
 - Level 2.1 Stealth
 + Level 3.5 Spellcasting
 + Level 2.8 Conjurations
 - Level 0.7 Summonings
 - Level 1.1 Translocations


You had 6 spell levels left.
You knew the following spells:

 Your Spells              Type           Power        Failure   Level  Hunger
a - Magic Dart            Conj           ##..         5%          1    None
b - Blink                 Tloc           N/A          16%         2    ##.....
c - Call Imp              Summ           #.......     19%         2    ##.....

Your spell library contained the following spells:

 Spells                   Type           Power        Failure   Level  Hunger
 Slow                     Hex            #.......     26%         2    ##.....
 Conjure Flame            Conj/Fire      #.......     28%         3    ###....
 Mephitic Cloud           Conj/Pois/Air  #.......     34%         3    ###....


Dungeon Overview and Level Annotations

Branches:
Dungeon (4/15)
 Temple: D:4-7

Altars:
Fedhas
Kikubaaqudgha
Okawaru
Wu Jian

Portals:
Sewer: D:4

Annotations:
D:2 1 runed translucent door, Crazy Yiuf


Innate Abilities, Weirdness & Mutations

You are small and have problems with some larger weapons.
You are somewhat resistant to further mutation.


Message History

You hear the sound of rushing water.
There is an entrance to a sewer on this level.
Hurry and find it before the portal rusts away!
You hear the brisk rusting of a distant drain.
There is a stone staircase leading up here.
You feel strangely unstable.
You are suddenly yanked towards some nearby monsters!
Your surroundings suddenly seem different.
The orc priest hits you but does no damage.
The orc priest calls down the wrath of Beogh upon you.
Beogh smites you!
The orc wizard shouts!
Unknown command.
Blink to where?
You are very lightly contaminated with residual magic.
As you read the scroll of blinking, it crumbles to dust.
The orc priest barely misses you.
You climb upwards.
There is a stone staircase leading down here.
Aim: an orc, wielding a +0 flail and wearing a +0 leather armour The magic dart hits the orc but does no damage.
The orc priest mumbles some strange prayers to Beogh against you.
You barely resist. The orc closely misses you.
Aim: an orc, wielding a +0 flail and wearing a +0 leather armour The magic dart hits the orc.
The orc priest hits you.
Aim: an orc, wielding a +0 flail and wearing a +0 leather armour (lightly wounded)
The magic dart hits the orc but does no damage.
The orc hits you but does no damage. The orc priest hits you.
Aim: an orc, wielding a +0 flail and wearing a +0 leather armour (lightly wounded)
The magic dart hits the orc.
The orc hits you but does no damage. The orc priest hits you.
* * * LOW HITPOINT WARNING * * *
Aim: an orc, wielding a +0 flail and wearing a +0 leather armour (moderately wounded)
The magic dart hits the orc.
The orc priest hits you.
* * * LOW HITPOINT WARNING * * *
The orc completely misses you.
Aim: an orc, wielding a +0 flail and wearing a +0 leather armour (moderately wounded)
The magic dart hits the orc.
The orc priest hits you but does no damage.
The orc closely misses you.
Aim: an orc, wielding a +0 flail and wearing a +0 leather armour (severely wounded)
The magic dart hits the orc.
You kill the orc!
The orc priest mumbles some strange prayers to Beogh against you.
Beogh smites you!
* * * LOW HITPOINT WARNING * * *
Aim: an orc priest, wearing a +0 leather armour The magic dart hits the orc priest.
The orc priest calls down the wrath of Beogh upon you.
Beogh smites you!
You die...

#...##.### #.#
##.8.8.8.8
##..##...## #.#
###.........
#.......#.# #.#
#.'.....(...
#..###.#.## #.#
#.#......... #..#
##.## #.#
#.##.8.8.8.8 #..#
### #.# #..##.#...#.
#..# #.#
##.###.....# ####..#
####o# #.# ##...##
......# #.)@.# #.#
##'## ####..# #.####
#.####..### #..# #.#
#........). ####..#
#.#################.
......#
#.#..........# #...
####.##
#.#.########.# #.##
#.# #.#.# #.# #.#
#.#########...# #.#
##[##
#.##..........#
#.###...#


You could see an orc priest.

Vanquished Creatures
  A worker ant (D:4)
  4 adders (D:2)
  A river rat (D:4)
  A worm (D:2)
  A dart slug (D:2)
  A leopard gecko (D:3)
  2 orcs (D:3)
  5 giant cockroaches
  7 goblins
  8 hobgoblins
  3 jackals (D:2)
  9 kobolds
  2 ball pythons (D:4)
  4 bats
  A frilled lizard (D:2)
  6 rats
  A fungus (D:2)
57 creatures vanquished.

Notes
Turn   | Place    | Note
-------+----------+-------------------------------------------
     0 | D:1      | MatthieuS the Halfling Wizard began the quest for the Orb.
     0 | D:1      | Reached XP level 1. HP: 11/11 MP: 3/3
   259 | D:1      | Reached skill level 1 in Conjurations
   482 | D:1      | Reached XP level 2. HP: 17/17 MP: 3/5
  1495 | D:2      | Reached XP level 3. HP: 17/21 MP: 0/7
  1599 | D:2      | Learned a level 2 spell: Blink
  1602 | D:2      | Learned a level 2 spell: Call Imp
  1624 | D:2      | Reached skill level 3 in Spellcasting
  1981 | D:2      | Found an ancient bone altar of Kikubaaqudgha.
  1983 | D:2      | Found a blossoming altar of Fedhas.
  2048 | D:2      | Reached XP level 4. HP: 23/27 MP: 1/8
  2677 | D:2      | Found a runed translucent door.
  2678 | D:2      | Noticed Crazy Yiuf
  2785 | D:2      | Found a faded altar of an unknown god.
  3301 | D:3      | Found an iron altar of Okawaru.
  3490 | D:3      | Found an ornate altar of the Wu Jian Council.
  3737 | D:3      | Found a blossoming altar of Fedhas.
  4003 | D:4      | Reached XP level 5. HP: 25/31 MP: 2/10
  4080 | D:4      | Found a glowing drain.
  4307 | D:3      | HP: 1/31 [orc priest/divine providence (13)]
  4308 | D:3      | Killed from afar by an orc priest

Levels and vault maps discovered:
D:1:      lemuel_arrival_behind_the_door_large, layout_rooms
D:2:      layout_loops_cross, grunt_temple_overflow_growth_and_decay,
          first_ration, chequers_ecumenical_altar_simple_redux,
          uniq_crazy_yiuf_cottage
D:3:      layout_loops_ring, lemuel_crystal_altar, lemuel_round_altar,
          dk_noncrumbling_3, fedhas_altar_4
D:4:      layout_cave_pods, portal_sewer_entry_e, st_stairs_12

Skill      XL: |  1  2  3 |
---------------+----------+-----
Conjurations   | 1 2 |  2.8
Spellcasting   | 3 |  3.5
Dodging        | |  2.1
Stealth        | |  2.1
Summonings     | |  0.7
Translocations | |  1.1

Action                   |  1- 3 |  4- 6 || total
-------------------------+-------+-------++-------
Melee: Unarmed           |    34 |   105 ||   139
 Cast: Magic Dart        |    87 |    88 ||   175
       Call Imp          |     1 |       ||     1
  Use: Scroll            |       |    11 ||    11
       Potion            |       |     3 ||     3
  Eat: Chunk             |     4 |     3 ||     7
       Ration            |       |     1 ||     1
Armor: Robe              |    22 |    22 ||    44
Dodge: Dodged            |    79 |    80 ||   159

Table legend:
 A = Non-vault XP
 B = Vault XP
 C = Vault XP percentage of total XP
 D = Non-vault monster count
 E = Vault monster count
 F = Vault count percentage of total count
                 A         B        C        D         E       F
            +---------+---------+-------+---------+---------+-------
      Total |     174 |      19 |   9.8 |      51 |       5 |   8.9
            +---------+---------+-------+---------+---------+-------
        D:1 |      27 |       0 |   0.0 |      16 |       0 |   0.0
        D:2 |      89 |       0 |   0.0 |      24 |       0 |   0.0
        D:3 |      22 |       0 |   0.0 |      10 |       0 |   0.0
        D:4 |      36 |      19 |  34.5 |       1 |       5 |  83.3
            +---------+---------+-------+---------+---------+-------
